 Seeded DCSS version 0.29.1-15-g9cfb28693d (webtiles) character file.

Game seed: 15851554773747161596 (custom seed)

27150 bmack86 the Protected (level 13, -2/116 HPs)
             Began as a Minotaur Fighter on Mar 17, 2023.
             Was the Champion of Okawaru.
             Slain by a nine-headed hydra (4 damage)
             ... on level 3 of the Lair of Beasts.
             The game lasted 00:35:56 (14347 turns).

bmack86 the Protected (Minotaur Fighter)           Turns: 14347, Time: 00:35:56

Health: -2/116     AC: 27    Str: 25    XL:     13   Next: 2%
Magic:  18/18      EV:  7    Int:  8    God:    Okawaru [******]
Gold:   1334       SH: 11    Dex: 11    Spells: 12/12 levels left

rFire   . . .      SeeInvis +   T - +1 broad axe (elec)
rCold   . . .      Faith    +   b - +0 kite shield
rNeg    . . .      Spirit   .   I - +4 chain mail
rPois   .          Reflect  .   (helmet restricted)
rElec   +          Harm     .   a - +2 cloak {rCorr}
rCorr   +          Rampage  .   l - +1 pair of gloves "Cuelask" {Will+ SInv}
Will    ++++.                   J - +2 pair of boots {Fly}
Stlth   ..........              P - amulet of Divine Intervention {Faith rElec rC- Will+++ Int+3}
HPRegen 0.29/turn               m - +4 ring of slaying
MPRegen 0.16/turn               N - ring of protection from cold

@: flying, studying 2 skills
A: horns 2, retaliatory headbutt
a: Renounce Religion, Heroism, Finesse, Duel


You were on level 3 of the Lair of Beasts.
You worshipped Okawaru.
Okawaru was exalted by your worship.
You visited 3 branches of the dungeon, and saw 16 of its levels.
You also visited: Ossuary and Bailey.

You collected 1334 gold pieces.

Inventory:

Hand Weapons
 n - the +8 hand axe "Zetiul" {freeze, Str+4}
   (You found it on level 3 of the Dungeon)

   It freezes those it strikes, dealing additional cold damage.
   It can also slow down cold-blooded creatures.
   Str:       It affects your strength (+4).
 q - a +1 vampiric war axe
 y - a +3 broad axe
 T - a +1 broad axe of electrocution (weapon)
Missiles
 h - 22 poisoned darts
 s - 3 silver javelins
 v - 24 boomerangs (quivered)
 E - 3 curare-tipped darts
 K - a javelin
Armour
 a - a +2 cloak of preservation (worn)
 b - a +0 kite shield (worn)
 l - the +1 pair of gloves "Cuelask" (worn) {Will+ SInv}
   (You acquired it on level 3 of the Dungeon)

   SInv:      It lets you see invisible.
   Will:      It increases your willpower.
 C - the +0 chain mail "Sepeseg" {rPois rC+ Stlth+}
   (You took it off an orc on level 3 of the Dungeon)

   rC:        It protects you from cold.
   rPois:     It protects you from poison.
   Stlth:     It makes you more stealthy.
 F - a +0 plate armour
 I - a +4 chain mail (worn)
 J - a +2 pair of boots of flying (worn)
Jewellery
 c - a ring of protection from fire
 e - an amulet of the acrobat
 m - a +4 ring of slaying (left hand)
 o - an amulet of guardian spirit
 N - a ring of protection from cold (right hand)
 P - the amulet of Divine Intervention (around neck) {Faith rElec rC- Will+++ Int+3}
   (You acquired it on level 11 of the Dungeon)

   [amulet of faith]

   It allows you to gain divine favour quickly.
   Int:       It affects your intelligence (+3).
   rC:        It makes you vulnerable to cold.
   rElec:     It insulates you from electricity.
   Will:      It greatly increases your willpower.
Wands
 p - a wand of acid (8)
 u - a wand of mindburst (7)
 G - a wand of paralysis (23)
 L - a wand of flame (11)
 Q - a wand of digging (2)
Scrolls
 f - 2 scrolls of vulnerability
 t - 10 scrolls of teleportation
 D - 2 scrolls of immolation
 M - 2 scrolls of amnesia
 R - a scroll of fear
 S - 2 scrolls of magic mapping
 U - a scroll of identify
Potions
 d - a potion of might
 g - 3 potions of attraction
 i - 6 potions of curing
 j - 3 potions of haste
 k - a potion of ambrosia
 r - 6 potions of mutation
 w - 4 potions of brilliance
 x - a potion of invisibility
 z - 3 potions of lignification
 A - a potion of heal wounds
 B - 7 potions of flight
 H - a potion of berserk rage
 O - a potion of magic


   Skills:
 + Level 11.0 Fighting
 * Level 14.4 Axes
 + Level 8.4 Throwing
 + Level 14.6 Armour
 + Level 10.9 Shields
 + Level 8.0 Invocations


You had 12 spell levels left.
You didn't know any spells.
Your spell library contained the following spells:

 Spells                   Type           Power      Damage    Failure   Level
 Apportation              Tloc           0%         N/A       98%         1
 Freeze                   Ice            0%         1d3       98%         1
 Magic Dart               Conj           0%         1d3       98%         1
 Slow                     Hex            0%         N/A       98%         1
 Searing Ray              Conj           0%         2d4       99%         2
 Confusing Touch          Hex            0%         N/A       100%        3
 Frozen Ramparts          Ice            0%         1d1       100%        3
 Gell's Gravitas          Tloc           0%         N/A       100%        3
 Ignite Poison            Fire/Tmut/Pois 0%         N/A       100%        3
 Inner Flame              Hex/Fire       0%         N/A       100%        3
 Lesser Beckoning         Tloc           0%         N/A       100%        3
 Mephitic Cloud           Conj/Pois/Air  0%         N/A       100%        3
 Teleport Other           Tloc           0%         N/A       100%        3
 Vampiric Draining        Necr           0%         2d6       100%        3
 Cause Fear               Hex            0%         N/A       100%        4
 Fulminant Prism          Conj/Hex       0%         3d6       100%        4
 Hailstorm                Conj/Ice       0%         3d3       100%        4
 Ice Form                 Ice/Tmut       0%         N/A       100%        4
 Alistair's Intoxication  Tmut/Pois      0%         N/A       100%        5
 Freezing Cloud           Conj/Ice/Air   0%         6-21      100%        5
 Eringya's Noxious Bog    Tmut/Pois      0%         N/A       100%        6
 Storm Form               Tmut/Air       0%         N/A       100%        7
 Discord                  Hex            0%         N/A       100%        8
 Maxwell's Capacitive Co  Air            0%         ∞         100%        8
 Summon Ice Beast         Ice/Summ       Unusable   N/A       N/A         4
 Summon Lightning Spire   Summ/Air       Unusable   N/A       N/A         4
 Summon Forest            Summ/Tloc      Unusable   N/A       N/A         5
 Malign Gateway           Summ/Tloc      Unusable   N/A       N/A         7
 Summon Hydra             Summ           Unusable   N/A       N/A         7
 Summon Horrible Things   Summ           Unusable   N/A       N/A         8

Dungeon Overview and Level Annotations

Branches:
Dungeon (12/15)            Temple (1/1) D:4            Lair (3/5) D:10
  Snake (0/4) Lair:3          Orc (0/2) D:11        Ossuary (visited)
 Bailey (visited)
  Swamp: Lair:2-3    Shoals: Lair:2-3

Altars:
Ashenzari
Cheibriados
Dithmenos
Elyvilon
Fedhas
Gozag
Hepliaklqana
Kikubaaqudgha
Makhleb
Nemelex Xobeh
Okawaru
Qazlal
Ru
Sif Muna
Trog
Uskayaw
Vehumet
Wu Jian
Xom
Yredelemnul
Zin
The Shining One


Innate Abilities, Weirdness & Mutations

You have a pair of horns on your head.
You reflexively headbutt those who attack you in melee.


Message History

You block the nine-headed hydra's attack.
The nine-headed hydra bites you but does no damage. x2
The nine-headed hydra bites you!
* * * LOW HITPOINT WARNING * * *
The nine-headed hydra bites you but does no damage. x4
The seven-headed hydra bites you but does no damage.
You block the seven-headed hydra's attack. x2
The seven-headed hydra bites you but does no damage. x2
The seven-headed hydra bites you!
* * * LOW HITPOINT WARNING * * *
The seven-headed hydra bites you but does no damage.
The swamp worm bites you but does no damage.
The tyrant leech barely misses you.
The swamp worm bites you but does no damage.
The swamp worm closely misses you.
You slice one of the seven-headed hydra's heads off!
The six-headed hydra grows two more!
You hit the eight-headed hydra.
Lightning courses through the eight-headed hydra!
You headbutt the eight-headed hydra!
The eight-headed hydra is severely wounded.
You miss the tyrant leech. You barely miss the nine-headed hydra.
You closely miss the swamp worm. You slash the swamp worm!
Lightning courses through the swamp worm!
You kill the swamp worm!
Okawaru accepts your kill.
You hit the swamp worm.
The swamp worm bites you but does no damage.
The eight-headed hydra bites you but does no damage. x2
The eight-headed hydra bites you!
* * * LOW HITPOINT WARNING * * *
You block the eight-headed hydra's attack.
The eight-headed hydra bites you but does no damage. x3
The eight-headed hydra bites you.
* * * LOW HITPOINT WARNING * * *
The nine-headed hydra bites you but does no damage. x2
You block the nine-headed hydra's attack.
The nine-headed hydra bites you.
* * * LOW HITPOINT WARNING * * *
The nine-headed hydra bites you.
You die...

###### ##..#.###
#.......##
♣♣♣♣♣♣♣..♣♣...##
♣≈≈~~~~...♣♣..P#
♣≈≈≈≈www≈♣♣##..#
♣≈≈~~†@~♣♣ ##.##
##♣♣♣♣≈≈~lDD.♣
#..## ##
##.P#♣♣♣♣♣...♣♣
#...# .# #..^.♣
...♣♣ ♣..####
.## ##..♣♣ §♣♣♣♣
♣.....#
..#####...♣ .§
♣.....##
...#.##..♣♣.§
♣♣......#
......'...♣..
♣......##
##..##....♣
♣♣♣...##


You could see a nine-headed hydra, an eight-headed hydra, a tyrant leech, a
komodo dragon and 2 swamp worms.

Vanquished Creatures
  2 hydras
  A boulder beetle (D:12)
  A centaur warrior (D:12)
  2 two-headed ogres
  Erica (D:9)
  Nergalle (Lair:2)
  A lindwurm (Lair:3)
  A deep elf pyromancer (D:12)
  An orc knight (Bailey)
  A manticore (D:12)
  A cyclops (D:12)
  2 black mambas (Lair:2)
  Maurice (D:11)
  A gargoyle (D:5)
  5 komodo dragons
  7 cane toads
  The ghost of dudediamond6 the Covert, a novice OpBr (D:5)
  3 unseen horrors
  2 kobold demonologists (D:11)
  A rime drake (Lair:2)
  A troll (D:10)
  3 slime creatures (D:12)
  A polar bear (Lair:2)
  A hornet (D:9)
  Grinder (D:5)
  A vampire (D:10)
  2 shadows
  4 wyverns
  2 wraiths
  A human (D:11)
  21 yaks
  2 basilisks
  Menkaure (D:5)
  A swamp worm (Lair:3)
  2 wargs (D:11)
  2 acid dragons
  3 nagas (Lair:3)
  8 water moccasins
  9 orc warriors
  An ice beast (D:6)
  3 black bears
  2 ogres
  3 centaurs
  The ghost of Sanktem7 the Grave Robber, an amateur HuNe (D:3)
  5 wolves (Lair:3)
  2 phantoms
  5 kobold brigands
  7 bullfrogs
  A gnoll sergeant (D:12)
  9 scorpions
  16 wights
  A water moccasin skeleton (D:5)
  10 killer bees
  5 howler monkeys
  A bullfrog zombie (D:5)
  2 bullfrog skeletons (D:5)
  5 orc priests
  2 hounds (D:5)
  Crazy Yiuf (D:7)
  5 iguanas
  3 gnoll boudas
  7 orc wizards
  9 mummies
  12 adders
  15 gnolls
  A shadow imp (D:7)
  2 worms
  3 dart slugs
  47 orcs
  15 bats
  6 endoplasms
  4 giant cockroaches
  10 goblins
  7 hobgoblins
  9 jackals
  40 kobolds
  3 quokkas
  10 ball pythons
  A frilled lizard (D:1)
  2 gnoll zombies (Ossuary)
  2 hobgoblin zombies (Ossuary)
  2 kobold zombies (Ossuary)
  2 orc zombies (Ossuary)
  5 rats
  2 bushes (D:8)
408 creatures vanquished.

Vanquished Creatures (others)
  7 bushes (D:10)
  10 fungi
  48 plants
65 creatures vanquished.

Grand Total: 473 creatures vanquished

Notes
Turn   | Place    | Note
-------+----------+-------------------------------------------
     0 | D:1      | bmack86 the Minotaur Fighter began the quest for the Orb.
     0 | D:1      | Reached XP level 1. HP: 19/19 MP: 0/0
   201 | D:1      | Reached XP level 2. HP: 26/27 MP: 1/1
   498 | D:1      | Found a faded altar of an unknown god.
   854 | D:2      | Reached XP level 3. HP: 33/33 MP: 2/2
  1029 | D:2      | Identified the +6 dagger of Indomitability {flame, rF+ rN+
                  | rCorr Dex-5}
  1134 | D:2      | Reached XP level 4. HP: 40/40 MP: 3/3
  1241 | D:3      | Identified 3 scrolls of acquirement
  1241 | D:3      | Acquired a manual of Armour
  1243 | D:3      | Acquired a +4 ring of slaying
  1246 | D:3      | Acquired the +1 pair of gloves "Cuelask" {Will+ SInv}
  1404 | D:3      | Found a runed translucent gate.
  1404 | D:3      | Found a runed translucent gate.
  1404 | D:3      | Found a runed translucent gate.
  1405 | D:3      | Identified the +0 chain mail "Sepeseg" {rPois rC+ Stlth+}
  1406 | D:3      | Noticed Sanktem7's ghost (amateur HuNe)
  1414 | D:3      | Identified the +8 hand axe "Zetiul" {freeze, Str+4}
  1735 | D:3      | Found an ancient bone altar of Kikubaaqudgha.
  1735 | D:3      | Found a burning altar of Makhleb.
  1926 | D:4      | Found a hazy altar of Hepliaklqana.
  1946 | D:4      | Reached skill level 1 in Throwing
  1977 | D:4      | Reached XP level 5. HP: 47/47 MP: 4/4
  2206 | D:4      | Noticed a phantom
  2214 | D:4      | Killed a phantom
  2215 | D:4      | Reached skill level 5 in Armour
  2233 | D:4      | Reached skill level 5 in Axes
  2233 | D:4      | Reached XP level 6. HP: 47/53 MP: 5/5
  2318 | D:4      | Found a staircase to the Ecumenical Temple.
  2324 | Temple   | Entered the Ecumenical Temple
  2355 | Temple   | Became a worshipper of Warmaster Okawaru
  2438 | D:4      | Reached skill level 5 in Fighting
  2438 | D:4      | Reached skill level 5 in Shields
  2455 | D:4      | Reached skill level 1 in Invocations
  2455 | D:4      | Reached XP level 7. HP: 56/61 MP: 6/6
  2633 | D:4      | Found a hide-covered altar of Uskayaw.
  2722 | D:5      | Entered Level 5 of the Dungeon
  2752 | D:5      | Reached * piety under Okawaru
  2982 | D:5      | Found a sand-covered staircase.
  2990 | Ossuary  | Entered an ossuary
  3013 | Ossuary  | Reached XP level 8. HP: 70/70 MP: 8/8
  3193 | D:5      | Noticed Grinder
  3209 | D:5      | Killed Grinder
  3241 | D:5      | Reached ** piety under Okawaru
  3242 | D:5      | Noticed an unseen horror
  3262 | D:5      | Killed an unseen horror
  3279 | D:5      | Noticed a gargoyle
  3280 | D:5      | Found a transporter.
  3288 | D:5      | Killed a gargoyle
  3289 | D:5      | Reached XP level 9. HP: 37/78 MP: 10/10
  3611 | D:5      | Found a transporter.
  3615 | D:5      | Reached *** piety under Okawaru
  3626 | D:5      | Noticed dudediamond6's ghost (novice OpBr)
  3634 | D:5      | Noticed Menkaure
  3648 | D:5      | Killed Menkaure
  4125 | D:5      | Killed dudediamond6's ghost
  4276 | D:3      | Killed Sanktem7's ghost
  4465 | D:6      | Reached **** piety under Okawaru
  4784 | D:6      | Reached skill level 5 in Throwing
  4867 | D:6      | Found a sparkling altar of Nemelex Xobeh.
  5159 | D:7      | Received a gift from Okawaru
  5162 | D:7      | Reached skill level 10 in Armour
  5213 | D:7      | Found a flagged portal.
  5220 | D:7      | Reached XP level 10. HP: 86/86 MP: 12/12
  5227 | Bailey   | Entered a bailey
  5237 | Bailey   | Noticed an orc knight
  5585 | Bailey   | Identified the +10 sling "Areut" {flame, Fly Dex-2 SInv}
  5677 | Bailey   | Killed an orc knight
  5678 | Bailey   | Reached skill level 10 in Axes
  6240 | D:7      | Reached skill level 5 in Invocations
  6328 | D:7      | Found a stormy altar of Qazlal.
  6401 | D:7      | Found a runed translucent door.
  6402 | D:7      | Noticed Crazy Yiuf
  6406 | D:7      | Killed Crazy Yiuf
  7043 | D:8      | Identified the +0 scale mail of Hoxil {Str+2 Dex+3}
  7268 | D:8      | Noticed a two-headed ogre
  7272 | D:8      | Killed a two-headed ogre
  7272 | D:8      | Received a gift from Okawaru
  7761 | D:9      | Found a white marble altar of Elyvilon.
  7915 | D:9      | Reached ***** piety under Okawaru
  7924 | D:9      | Reached XP level 11. HP: 95/95 MP: 14/14
  7957 | D:9      | Noticed Erica
  7972 | D:9      | Killed Erica
  8492 | D:10     | Entered Level 10 of the Dungeon
  8722 | D:10     | Received a gift from Okawaru
  8968 | D:10     | Found a bloodstained altar of Trog.
  8992 | D:10     | Received a gift from Okawaru
  9429 | D:10     | Found a staircase to the Lair.
  9701 | D:11     | Found a staircase to the Orcish Mines.
  9792 | D:11     | Found a glowing golden altar of the Shining One.
  9796 | D:11     | Noticed Maurice
  9804 | D:11     | Killed Maurice
  9901 | D:11     | Acquired the amulet of Divine Intervention {Faith rElec rC-
                  | Will+++ Int+3}
 10444 | D:11     | Noticed a two-headed ogre
 10452 | D:11     | Killed a two-headed ogre
 10849 | D:12     | Reached XP level 12. HP: 104/106 MP: 16/16
 10851 | D:12     | Reached ****** piety under Okawaru
 10851 | D:12     | Received a gift from Okawaru
 10945 | D:12     | Noticed a boulder beetle
 10975 | D:12     | Killed a boulder beetle
 11127 | D:12     | Noticed a centaur warrior
 11133 | D:12     | Killed a centaur warrior
 11134 | D:12     | Reached skill level 10 in Fighting
 11134 | D:12     | Reached skill level 10 in Shields
 11139 | D:12     | Noticed a fire dragon
 11345 | Lair:1   | Entered Level 1 of the Lair of Beasts
 11951 | Lair:2   | Received a gift from Okawaru
 12085 | Lair:2   | Noticed Nergalle
 12096 | Lair:2   | Killed Nergalle
 12658 | Lair:2   | Noticed a four-headed hydra
 12672 | Lair:2   | Killed an 11-headed hydra
 12949 | Lair:2   | Found a hazy altar of Hepliaklqana.
 13293 | Lair:3   | Received a gift from Okawaru
 13485 | Lair:3   | Found a staircase to the Snake Pit.
 13844 | Lair:3   | Noticed an eight-headed hydra
 13852 | Lair:3   | Killed an eight-headed hydra
 13853 | Lair:3   | Reached XP level 13. HP: 115/115 MP: 10/18
 14347 | Lair:3   | HP: 5/116 [eight-headed hydra (5)]
 14347 | Lair:3   | HP: 2/116 [nine-headed hydra (3)]
 14347 | Lair:3   | Slain by a nine-headed hydra

Illustrated notes

Levels and vault maps discovered:
D:1:      evilmike_arrival_plus, layout_rooms,
          shapermc_ecumenical_altar_hornbeckon, dreamdust_wishing_well,
          serial_bayou_lagoon_a, hangedman_abyss_or_decor_lesser_grid
D:2:      layout_basic, mrwooster_statue_mirror
D:3:      layout_basic, gammafunk_temple_overflow_pools,
          biasface_ghost_orc_armoury
D:4:      old_forge, layout_cave_pools, nicolae_uskayaw_dance_hall,
          nicolae_hepliaklqana_hazy_memory, minmay_temple_entry_enclosed_plants
D:5:      layout_gridville, gup_ossuary_entry_pyramid,
          gammafunk_ghost_mausoleum, minmay_manual_mess, uniq_menkaure,
          uniq_grinder
D:6:      layout_cave_pools, nemelex_dance_club_becter
D:7:      layout_loops_corners, mainiacjoe_overflow_paths, enter_bailey_6,
          uniq_crazy_yiuf_cottage
D:8:      layout_loops_ring, hangedman_decor_lopped, minmay_hedge_maze
D:9:      layout_small_grid, mainiacjoe_overflow_cross_hatched, uniq_erica
D:10:     layout_loops_cross, mainiacjoe_overflow_boulevard, david_lair_shrubbed
D:11:     layout_long_grid, erik_orc_4, tso_metal_star, uniq_maurice
D:12:     minmay_tearing_corner, layout_basic
Temple:   nicolae_temple_two_arcs
Lair:1:   layout_hall_layers
Lair:2:   layout_chaotic_city, basic_altar, uniq_nergalle
Lair:3:   layout_roguey, palyth_hydra_swamp_entry, guppyfry_snake_entry_island,
          lemuel_fruit_tree, grunt_megastairs_4

Skill      XL: |  1  2  3  4  5  6  7  8  9 10 11 12 13 |
---------------+----------------------------------------+-----
Axes           | 3 4 5 6 8 9 11 12 14 | 14.4
Armour         | 4 5 6 7 8 10 11 13 14 | 14.6
Fighting       | 4 5 6 7 8 9 10 11 | 11.0
Shields        | 4 5 6 7 8 9 10 | 10.9
Throwing       | 1 2 3 4 5 6 7 8 |  8.4
Invocations    | 1 2 3 4 5 6 8 |  8.0

Action                   |  1- 3 |  4- 6 |  7- 9 | 10-12 | 13-15 || total
-------------------------+-------+-------+-------+-------+-------++-------
Melee: War axe           |    61 |    24 |       |       |       ||    85
       Headbutt          |     5 |     9 |    30 |   106 |     6 ||   156
       Hand axe          |       |    49 |   163 |   412 |       ||   624
       Broad axe         |       |       |       |     6 |    16 ||    22
Throw: Dart              |       |       |     2 |     4 |       ||     6
       Boomerang         |       |       |       |   162 |       ||   162
Invok: Heroism           |       |       |     2 |     3 |       ||     5
       Finesse           |       |       |       |     1 |       ||     1
  Use: Scroll            |     1 |     8 |     5 |    19 |       ||    33
 Stab: Held in net/web   |       |     2 |       |       |       ||     2
Armor: Scale mail        |    57 |    28 |    43 |       |       ||   128
       Chain mail        |       |       |    25 |   177 |    44 ||   246
Dodge: Dodged            |    57 |    53 |   101 |   134 |    13 ||   358
Block: Buckler           |    29 |    29 |    47 |       |       ||   105
       Kite shield       |       |       |    10 |   212 |    23 ||   245
